 Dungeon Crawl Stone Soup version 0.29.1-12-g30fa7ad0bf (webtiles) character file.

Game seed: 12487511722988969925

111 shoemetal68 the Poker (level 4, -1/38 HPs)
             Began as a Minotaur Gladiator on Dec 17, 2022.
             Was a Follower of Elyvilon.
             Slain by an orc
             ... wielding a +0 trident
              (6 damage)
             ... on level 3 of the Dungeon.
             The game lasted 00:12:20 (1561 turns).

shoemetal68 the Poker (Minotaur Gladiator)          Turns: 1561, Time: 00:12:21

Health: -1/38      AC:  7    Str: 20    XL:     4   Next: 62%
Magic:  3/3        EV: 11    Int:  5    God:    Elyvilon [*.....]
Gold:   88         SH:  0    Dex: 12    Spells: 3/3 levels left

rFire   x . .      SeeInvis .   a - +0 trident
rCold   + . .      Faith    .   (no shield)
rNeg    . . .      Spirit   .   p - +0 scale mail
rPois   .          Reflect  .   c - +0 hat
rElec   .          Harm     .   (no cloak)
rCorr   .          Rampage  .   (no gloves)
Will    .....                   q - +0 pair of boots
Stlth   ..........              k - amulet of regeneration
HPRegen 0.92/turn               m - ring of ice
MPRegen 0.08/turn               (no ring)

@: no status effects
A: horns 2, retaliatory headbutt
a: Renounce Religion, Purification


You were on level 3 of the Dungeon.
You worshipped Elyvilon.
Elyvilon was aware of your devotion.
You visited 1 branch of the dungeon, and saw 3 of its levels.

You collected 88 gold pieces.

Inventory:

Hand Weapons
 a - a +0 trident (weapon)
Missiles
 d - 3 throwing nets
 e - a javelin
 i - 18 stones
Armour
 c - a +0 hat (worn)
 j - a +0 chain mail
 p - a +0 scale mail (worn)
 q - a +0 pair of boots (worn)
Jewellery
 k - an amulet of regeneration (around neck)
 m - a ring of ice (left hand)
Wands
 l - a wand of iceblast (12) (quivered)
Scrolls
 b - a scroll of immolation {unknown}
 f - 2 scrolls of enchant armour {unknown}
 g - a scroll of fear {unknown}
 h - a scroll of amnesia {unknown}
 o - a scroll of vulnerability {unknown}
Potions
 n - a potion of heal wounds


   Skills:
 + Level 3.1 Fighting
 + Level 4.9 Polearms
 + Level 2.1 Throwing
 + Level 2.4 Armour
 + Level 3.9 Dodging


You had 3 spell levels left.
You didn't know any spells.
Your spell library contained the following spells:

 Spells                   Type           Power      Damage    Failure   Level
 Poisonous Vapours        Pois/Air       0%         N/A       93%         2
 Confusing Touch          Hex            0%         N/A       99%         3
 Inner Flame              Hex/Fire       0%         N/A       99%         3
 Corpse Rot               Necr/Pois/Air  0%         N/A       100%        4
 Starburst                Conj/Fire      0%         6d3       100%        6
 Discord                  Hex            0%         N/A       100%        8


Dungeon Overview and Level Annotations

Branches:
Dungeon (3/15)

Altars:
Elyvilon


Innate Abilities, Weirdness & Mutations

You have a pair of horns on your head.
You reflexively headbutt those who attack you in melee.


Message History

The orc priest hits you with a +0 mace.
The orc priest hits you with a +0 flail!
You closely miss the orc priest.
The orc shouts!
You headbutt the orc priest.
The orc priest is heavily wounded.
The orc hits you with a +0 short sword. The orc priest hits you with a +0 mace.
The orc hits you from afar with a +0 trident.
The orc priest barely misses you.
The orc priest attacks as you move away!
The orc priest misses you. You furiously retaliate!
You headbutt the orc priest! The orc priest hits you with a +0 mace.
The orc hits you with a +0 short sword.
The orc priest attacks as you move away!
The orc priest hits you with a +0 mace.
The orc priest calls down the wrath of Beogh upon you.
You barely resist. The orc attacks as you move away! The orc misses you.
The orc attacks as you move away! The orc hits you but does no damage.
The orc priest calls down the wrath of Beogh upon you.
Beogh smites you!
* * * LOW HITPOINT WARNING * * *
The orc priest casts a cantrip, but nothing happens.
You barely miss the orc. Your headbutt misses the orc.
The orc hits you but does no damage.
You barely miss the orc. The orc hits you with a +0 short sword.
* * * LOW HITPOINT WARNING * * *
You completely miss the orc. Your headbutt misses the orc.
The orc priest casts a cantrip, but nothing happens.
The orc misses you.
You hit the orc.
The orc is severely wounded.
The orc hits you with a +0 short sword.
* * * LOW HITPOINT WARNING * * *
You puncture the orc!
You kill the orc!
The orc priest begins to cast a cantrip, but forgets the words!
You see here a +0 short sword.
You hit the orc but do no damage. The orc hits you with a +0 trident.
You die...

# #.####.#
#.# #.# #.#
#.# #.# #.#
#.# #@# #o#
#o# #o# #.#
######.#####
#..........#
#...)).....#
#....))....#


You could see 2 orc priests and an orc.

Vanquished Creatures
  Terence (D:2)
  An orc wizard (D:3)
  A dart slug (D:1)
  4 orcs (D:3)
  4 ball pythons
  3 bats
  8 endoplasms
  5 giant cockroaches
  3 goblins
  5 hobgoblins
  2 quokkas (D:1)
  5 frilled lizards
  6 kobolds
  2 rats (D:1)
50 creatures vanquished.

Notes
Turn   | Place    | Note
-------+----------+-------------------------------------------
     0 | D:1      | shoemetal68 the Minotaur Gladiator began the quest for the
                  | Orb.
     0 | D:1      | Reached XP level 1. HP: 18/18 MP: 0/0
   148 | D:1      | Reached skill level 4 in Polearms
   148 | D:1      | Reached XP level 2. HP: 19/25 MP: 1/1
   178 | D:1      | Found a faded altar of an unknown god.
   208 | D:1      | Prayed at the altar of an unknown god.
   208 | D:1      | Became a worshipper of Elyvilon the Healer
   208 | D:1      | Reached * piety under Elyvilon
   796 | D:1      | Reached XP level 3. HP: 30/30 MP: 2/2
   891 | D:2      | Reached skill level 1 in Armour
  1074 | D:2      | Got the Atlas of Cunning Embers
  1113 | D:2      | Noticed Terence
  1130 | D:2      | Killed Terence
  1131 | D:2      | Reached XP level 4. HP: 38/38 MP: 3/3
  1489 | D:3      | Elyvilon protects you from harm!
  1561 | D:3      | Slain by an orc

Illustrated notes

Levels and vault maps discovered:
D:1:      nzn_arrival_crosshair, layout_basic,
          ebering_ecumenical_altar_sacrificial, kennysheep_another_room
D:2:      layout_basic, uniq_terence
D:3:      layout_basic, serial_shops, shop_statue

Skill      XL: |  1  2  3  4 |
---------------+-------------+-----
Polearms       | 4 |  4.9
Armour         | 1 2 |  2.4
Fighting       | 3 |  3.1
Throwing       | |  2.1
Dodging        | |  3.9

Action                   |  1- 3 |  4- 6 || total
-------------------------+-------+-------++-------
Melee: Trident           |    81 |    27 ||   108
       Headbutt          |     9 |     3 ||    12
Evoke: Wand              |       |     1 ||     1
  Use: Potion            |     1 |       ||     1
Armor: Leather armour    |     7 |       ||     7
       Ring mail         |     5 |       ||     5
       Chain mail        |    51 |       ||    51
       Scale mail        |       |    30 ||    30
Dodge: Dodged            |    75 |    26 ||   101
